AoeStats
← Filth Daddy

Lombardia

509710331Analyzed
2v2 RM · 4d ago on Sep 27, 2026· 23m 45s· 4 players
Game mode
Random Map
Map size
Medium (4 player)
Population
200
Speed
Normal
Resources
Standard
Victory
Conquest
Starting age
Dark Age
Ending age
Imperial Age
RankedLock teamsTeams togetherTeam positionsShared explorationLock speedFull tech treeHidden civsTurbo modeCheats
Victory
Defeat
🇬🇧 Vietnamese · United Kingdom
1095
+16
🇬🇧 Burgundians · United Kingdom
1047
+17
🇪🇸 Varangians · Spain
1096
-17
🇨🇴 Cumans · Colombia
1068
-16
THE_LORD
5:49 Loom
11:14 Feudal Age
13:24 Wheelbarrow
13:03 Horse Collar
15:21 Double-Bit Axe
22:28 Bloodlines
OBrien11
0:44 Loom
14:09 Feudal Age
15:25 Wheelbarrow
14:39 Double-Bit Axe
20:49 Castle Age
18:52 Horse Collar
19:34 Bloodlines
20:10 Scale Barding Armor
20:14 Gold Mining
21:49 Forging
23:03 Husbandry
Filth Daddy
6:04 Loom
9:58 Feudal Age
10:53 Double-Bit Axe
13:20 Fletching
21:11 Castle Age
21:11 Horse Collar
21:31 Gold Mining
21:50 Bodkin Arrow
21:21 Crossbowman
22:19 Bow Saw
Just_Ed
11:51 Feudal Age
10:25 Horse Collar
10:34 Double-Bit Axe
16:49 Castle Age
15:46 Scale Barding Armor
16:25 Forging
16:54 Bow Saw
17:02 Heavy Plow
17:56 Cavalier
18:40 Husbandry
20:41 Chain Barding Armor
21:52 Crop Rotation
23:43 Gold Mining
Connection lost

Rejoining the realm…

Still unreachable

The connection could not be restored.

Session expired

The server has moved on; the page needs a fresh start.